 Dungeon Crawl Stone Soup version 0.14-a0-445-g388476e (webtiles) character file.

733 4tharraofdagon the Chopper (level 7, -1/54 HPs)
             Began as a Djinni Berserker on Oct 30, 2013.
             Was a Believer of Trog.
             Slain by a giant frog (7 damage)
             ... on Level 6 of the Dungeon.
             The game lasted 00:05:22 (977 turns).

4tharraofdagon the Chopper (Djinni Berserker)        Turns: 977, Time: 00:05:23

HP  -1/54        AC  4     Str 20      XL: 7   Next: 30%
MP   0/0         EV 12     Int  7      God: Trog [**....]
Gold 72          SH  0     Dex 12      Spells:  0 memorised,  6 levels left

Res.Fire  : + + +   See Invis. : .   a - +0 hand axe (curse)
Res.Cold  : x . .   Warding    : .   b - +0 animal skin
Life Prot.: + + +   Conserve   : .   (no shield)
Res.Poison: .       Res.Corr.  : .   j - +0 crested helmet
Res.Elec. : .       Clarity    : .   e - +0 cloak (curse)
Sust.Abil.: . .     Spirit.Shd : .   (no gloves)
Res.Mut.  : .       Stasis     : .   (boots unavailable)
Res.Rott. : .       Flight     : .   (no amulet)
Saprovore : . . .                    (no ring)
                                     (no ring)

@: regenerating, very slightly contaminated, very resistant to hostile
enchantments, unstealthy
A: fire immunity, cold vulnerability, life protection 3
a: Burn Spellbooks, Berserk, Trog's Hand, Renounce Religion


You were on level 6 of the Dungeon.
You worshipped Trog.
Trog was pleased with you.
You were not hungry.

You visited 1 branch of the dungeon, and saw 6 of its levels.

You collected 52 gold pieces.

Inventory:

Hand weapons
 a - a cursed +0,+0 hand axe (weapon)
Missiles
 f - 7 poisoned darts (quivered)
 k - 5 darts of flame
Armour
 b - a +0 animal skin (worn)
 e - a cursed +0 cloak (worn)
 g - a +0 orcish ring mail
 j - a +0 crested helmet (worn)
 o - a +0 scale mail
Scrolls
 c - a scroll of teleportation
 i - a scroll of identify
 l - 3 scrolls of immolation
 m - a scroll of random uselessness
Jewellery
 h - an uncursed ring of wizardry
Potions
 d - 7 potions of curing
 n - a potion of brilliance
 p - a potion of heal wounds {unknown}


   Skills:
 + Level 4.5 Fighting
 * Level 5.8 Axes
 + Level 4.8 Armour
 - Level 1.7 Dodging


You had 6 spell levels left.
You didn't know any spells.

Dungeon Overview and Level Annotations

Branches:
Dungeon (6/27)
 Temple: D:4-7          Orc: D:6-11

Altars:


Innate Abilities, Weirdness & Mutations

You are immune to all types of fire, even holy and hellish.
You are vulnerable to cold.
You need no food.
You have no legs.
You are immune to negative energy.


Message History

Your skin crawls.
You feel resistant to hostile enchantments.
The giant frog hits you.
* * * LOW HITPOINT WARNING * * *
The giant frog hits you but does no damage.
The giant frog hits you.
* * * LOW HITPOINT WARNING * * *
The giant frog misses you. The giant frog hits you!
* * * LOW HITPOINT WARNING * * *
You hit the giant frog.
The giant frog is lightly wounded.
The giant frog misses you.
You hit the giant frog.
The giant frog is moderately wounded.
The giant frog hits you but does no damage.
The wight hits you with a morningstar!
* * * LOW HITPOINT WARNING * * *
The giant frog hits you!
You die...

,,, ,,,, ,,,,,,...,,,, ,,,,*
*,,, *****,**>....,,,,,*,,,*
,...* #.# .....,,,,,*,,,*
#(..* #.#*#.#.# *****,,,*
#...* #.# #.#.# *,,,*
#..##**###.###.#.# *,,,*
....,,,,....##.#.# *,,,*
#..#######...#.#.# *,,,*
#........#...#.#@# ***,,,***
#........#...#.#F#####...,,,,*
...)))...........z........,,,*
.....).......#.#z#####....., *
.....)...#...#.#z# *......,*
.........#.###.#.# *....z..*
.........#.# #.#z# *.......*
###.######[# #.#.#####.......*
###.######.###...z.z.#.......#


You could see a giant frog and 5 wights.

Vanquished Creatures
  Menkaure (D:5)
  An ice beast (D:6)
  An ogre (D:4)
  A centaur (D:6)
  A gnoll shaman (D:5)
  A scorpion (D:6)
  An orc wizard (D:6)
  4 worker ants
  A hound zombie (D:6)
  4 gnolls (D:5)
  2 adders (D:4)
  2 giant mites
  2 giant geckos (D:3)
  5 orcs
  3 bats
  A giant cockroach (D:5)
  2 goblins
  3 hobgoblins
  3 kobolds
  A quokka (D:5)
  2 ball pythons
  5 rats
  A rat skeleton (D:6)
48 creatures vanquished.

Notes
Turn   | Place    | Note
--------------------------------------------------------------
     0 | D:1      | 4tharraofdagon, the Djinni Berserker, began the quest for the Orb.
     0 | D:1      | Reached XP level 1. HP: 16/16 MP: 0/0
   230 | D:2      | Reached XP level 2. EP: 22/22
   294 | D:3      | Reached skill level 3 in Axes
   424 | D:4      | Reached XP level 3. EP: 18/29
   475 | D:4      | Acquired Trog's second power
   488 | D:4      | Reached XP level 4. EP: 16/35
   495 | D:5      | Entered Level 5 of the Dungeon
   495 | D:5      | Noticed a centaur
   497 | D:5      | Noticed a sky beast
   529 | D:4      | Noticed an ogre
   549 | D:4      | Killed an ogre
   549 | D:4      | Reached skill level 4 in Axes
   549 | D:4      | Reached XP level 5. EP: 18/41
   622 | D:4      | Paralysed by a potion of paralysis for 7 turns
   672 | D:5      | Noticed Menkaure
   679 | D:5      | Killed Menkaure
   679 | D:5      | Reached XP level 6. EP: 36/48
   702 | D:5      | Reached skill level 5 in Axes
   806 | D:6      | Reached XP level 7. EP: 11/54
   977 | D:6      | Slain by a giant frog

Action                   |  1- 3 |  4- 6 |  7- 9 || total
-------------------------+-------+-------+-------++-------
Melee: Hand axe          |    72 |    51 |    16 ||   139
Invok: Berserk           |     3 |     4 |     2 ||     9
       Trog's Hand       |       |     2 |     3 ||     5
  Use: Potion            |     1 |     4 |       ||     5
       Scroll            |       |       |     4 ||     4
